 Dungeon Crawl Stone Soup version 0.25-a0-294-gea9b1ad378 (webtiles) character file.

Game seed: 9834313715255243887, levelgen mode: deterministic

613 Error4North the Chopper (level 7, -8/61 HPs)
             Began as a Hill Orc Fighter on Dec 16, 2019.
             Mangled by an ogre
             ... wielding a +0 giant club
              (10 damage)
             ... on level 5 of the Dungeon on Dec 17, 2019.
             The game lasted 00:26:39 (4629 turns).

Error4North the Chopper (Hill Orc Fighter)          Turns: 4629, Time: 00:26:40

Health: -8/61      AC: 14    Str: 19    XL:     7   Next: 44%
Magic:  9/9        EV:  4    Int: 10    God:
Gold:   136        SH:  9    Dex: 10    Spells: 8/8 levels left

rFire    . . .     SeeInvis .   a - +0 war axe
rCold    . . .     Gourm    .   c - +0 shield
rNeg     . . .     Faith    .   p - +0 plate armour
rPois    .         Spirit   .   (no helmet)
rElec    .         Reflect  .   (no cloak)
rCorr    .         Harm     .   d - +1 pair of gloves
MR       .....                  (no boots)
Stlth    ..........             (no amulet)
HPRegen  0.20/turn              (no ring)
MPRegen  0.11/turn              (no ring)

@: no status effects
A: no striking features
a: no special abilities


You were on level 5 of the Dungeon.
You were not hungry.

You visited 1 branch of the dungeon, and saw 5 of its levels.

You collected 136 gold pieces.

Inventory:

Hand Weapons
 a - a +0 war axe (weapon)
Missiles
 j - 23 sling bullets
 l - 3 silver javelins
 q - 6 javelins (quivered)
 r - 8 boomerangs
Armour
 c - a +0 shield (worn)
 d - a +1 pair of gloves (worn)
 p - a +0 plate armour (worn)
Wands
 i - a wand of flame (12)
 n - a wand of disintegration (4)
Scrolls
 g - a scroll of enchant armour {unknown}
 h - a scroll of remove curse
 k - a scroll of random uselessness {unknown}
 o - 2 scrolls of blinking {unknown}
 u - a scroll of amnesia
Potions
 b - a potion of haste {unknown}
 m - 3 potions of curing {unknown}
 s - a potion of heal wounds {unknown}
 v - a potion of invisibility {unknown}
Comestibles
 f - 9 rations


   Skills:
 * Level 5.5 Fighting
 + Level 5.8 Axes
 + Level 0.4 Throwing
 * Level 4.8 Armour
 + Level 0.4 Dodging
 + Level 0.1 Stealth
 * Level 5.0 Shields
 * Level 1.4 Spellcasting
 * Level 0.5 Evocations


You had 8 spell levels left.
You didn't know any spells.
Your spell library was empty.

Dungeon Overview and Level Annotations

Branches:
Dungeon (5/15)
 Temple: D:4-7

Altars:
Dithmenos


Message History

The ogre shouts!
Throwing (i - inventory. (/) - cycle)
q - 7 javelins (quivered)
Press: ? - help, Shift-Dir - straight line, f - ogre
Aim: an ogre, wielding a +0 giant club You throw a javelin.
The javelin pierces through the ogre.
The ogre is moderately wounded.
You barely miss the ogre.
The ogre is lightly wounded.
The ogre hits you with a +0 giant club!
You slash the ogre!
The ogre is heavily wounded.
The ogre hits you with a +0 giant club.
You hit the ogre.
The ogre is severely wounded.
The ogre hits you with a +0 giant club!!
* * * LOW HITPOINT WARNING * * *
Your shield and plate armour prevent you from hitting the ogre.
The ogre is severely wounded.
The ogre hits you with a +0 giant club!
You die...

###### #....# #....#
# #....# ############
# #....###..........#
# #....[.#....[.....#
###.............@.<.#
..))............O...#
##)....###..........#
###.#### #..........#
# #..#####..........#
# ##........##.###.##
##.).....##.## .#
#............ ..
#............ ..#


You could see an ogre.

Vanquished Creatures
  An ogre (D:5)
  A scorpion (D:4)
  2 hounds
  2 orc priests (D:4)
  Ijyb (D:3)
  An iguana (D:4)
  2 orc wizards
  A worker ant (D:4)
  8 adders
  An ooze (D:3)
  An adder skeleton (D:4)
  An adder zombie (D:1)
  6 worms
  3 dart slugs
  6 leopard geckos
  12 orcs
  2 ball pythons
  A bat zombie (D:1)
  5 giant cockroaches
  8 goblins
  10 hobgoblins
  6 jackals (D:1)
  7 kobolds
  3 quokkas
  4 bats (D:1)
  7 frilled lizards
  A quokka skeleton (D:4)
  A quokka zombie (D:5)
  4 rats
108 creatures vanquished.

Notes
Turn   | Place    | Note
-------+----------+-------------------------------------------
     0 | D:1      | Error4North the Hill Orc Fighter began the quest for the
                  | Orb.
     0 | D:1      | Reached XP level 1. HP: 19/19 MP: 1/1
    76 | D:1      | Reached XP level 2. HP: 16/27 MP: 2/2
   593 | D:1      | Reached XP level 3. HP: 31/34 MP: 3/3
  1659 | D:2      | Reached XP level 4. HP: 41/41 MP: 4/4
  2475 | D:3      | Noticed Ijyb
  2483 | D:3      | Reached XP level 5. HP: 43/47 MP: 5/5
  2772 | D:3      | Found a shadowy altar of Dithmenos.
  3101 | D:3      | Killed Ijyb
  3242 | D:4      | Reached XP level 6. HP: 51/55 MP: 5/7
  3371 | D:3      | Reached skill level 1 in Spellcasting
  3567 | D:4      | Reached skill level 5 in Fighting
  3803 | D:4      | Reached skill level 5 in Axes
  3971 | D:4      | Reached XP level 7. HP: 28/61 MP: 8/8
  4366 | D:5      | Entered Level 5 of the Dungeon
  4586 | D:5      | Reached skill level 5 in Shields
  4628 | D:5      | HP: 2/61 [ogre/+0 giant club (19)]
  4629 | D:5      | Mangled by an ogre

Levels and vault maps discovered:
D:1:      saegor_arrival_fortress, layout_basic
D:2:      layout_basic
D:3:      layout_basic, overflow_temple_1_default, first_ration, uniq_ijyb
D:4:      layout_basic
D:5:      layout_rooms, chequers_temple_overflow_minitemple

Skill      XL: |  1  2  3  4  5  6  7 |
---------------+----------------------+-----
Fighting       | 4 5 |  5.5
Axes           | 3 4 5 |  5.8
Shields        | 4 5 |  5.0
Armour         | 4 |  4.8
Spellcasting   | 1 |  1.4
Throwing       | |  0.4
Dodging        | |  0.4
Stealth        | |  0.1
Evocations     | |  0.5

Action                   |  1- 3 |  4- 6 |  7- 9 || total
-------------------------+-------+-------+-------++-------
Melee: War axe           |   133 |   238 |    26 ||   397
Throw: Javelin           |       |     9 |     9 ||    18
  Use: Scroll            |       |     3 |     1 ||     4
       Potion            |       |     1 |       ||     1
  Eat: Chunk             |     3 |     4 |     2 ||     9
       Ration            |       |     1 |       ||     1
Armor: Scale mail        |     7 |       |       ||     7
       Chain mail        |    94 |   144 |     3 ||   241
       Plate armour      |       |       |     5 ||     5
Dodge: Dodged            |    29 |    52 |     5 ||    86
Block: Shield            |    82 |   127 |     8 ||   217

Table legend:
 A = Non-vault XP
 B = Vault XP
 C = Vault XP percentage of total XP
 D = Non-vault monster count
 E = Vault monster count
 F = Vault count percentage of total count
                 A         B        C        D         E       F
            +---------+---------+-------+---------+---------+-------
      Total |     834 |      43 |   4.9 |     105 |       3 |   2.8
            +---------+---------+-------+---------+---------+-------
        D:1 |      62 |       7 |  10.1 |      32 |       2 |   5.9
        D:2 |      72 |       0 |   0.0 |      21 |       0 |   0.0
        D:3 |     127 |      36 |  22.1 |      24 |       1 |   4.0
        D:4 |     377 |       0 |   0.0 |      19 |       0 |   0.0
        D:5 |     196 |       0 |   0.0 |       9 |       0 |   0.0
            +---------+---------+-------+---------+---------+-------
